 Dungeon Crawl Stone Soup version 0.31-a0-875-g02e7d12df6 (webtiles) character file.

Game seed: 6698871452404780658

8551 kae the Jinx (level 11, -3/82 HPs)
             Began as a Demonspawn Enchanter on Oct 12, 2023.
             Was a Follower of Dithmenos.
             Slain by a yak (5 damage)
             ... on level 9 of the Dungeon.
             The game lasted 00:11:35 (8758 turns).

kae the Jinx (Demonspawn Enchanter)                 Turns: 8758, Time: 00:11:35

Health: -3/82      AC:  7    Str: 10    XL:     11   Next: 11%
Magic:  20/28      EV: 12    Int: 20    God:    Dithmenos [*.....]
Gold:   787        SH:  0    Dex: 13    Spells: 6/21 levels left

rFire   . . .        i - +8 dagger "Giantslayer" {freeze, rPois}
rCold   . . .        (no shield)
rNeg    . . .        y - +0 steam dragon scales
rPois   +            (no helmet)
rElec   .            (no cloak)
rCorr   .            (no gloves)
SInv    .            (no boots)
Will    .....        v - amulet of magic regeneration
Stlth   ++++         W - ring of magical power
HPRegen 0.33/turn    P - ring of poison resistance
MPRegen 0.82/turn

%: no passive effects
@: wreathed by umbra
A: hooves 2, slimy green scales 1, spiny 2, magic regeneration
a: Renounce Religion


You were on level 9 of the Dungeon.
You worshipped Dithmenos.
Dithmenos was aware of your devotion.
You visited 2 branches of the dungeon, and saw 10 of its levels.

You collected 787 gold pieces.


Innate Abilities, Weirdness & Mutations

You have hoof-like feet.
You are partially covered in slimy green scales. (AC +2)
You are mostly covered in sharp spines.
You regenerate magic rapidly.


   Skills:
 + Level 6.3 Fighting
 * Level 8.1 Short Blades
 - Level 2.1 Dodging
 + Level 7.0 Stealth
 + Level 5.9 Spellcasting
 * Level 9.4 Hexes
 + Level 3.7 Translocations
 - Level 2.0 Ice Magic


You had 6 spell levels left.
You knew the following spells:

 Your Spells              Type           Power      Damage    Failure   Level
a - Ensorcelled Hibernat  Hex/Ice        56%        N/A       1%          2
b - Confusing Touch       Hex            43%        N/A       1%          3
c - Tukima's Dance        Hex            43%        N/A       1%          3
d - Dazzling Flash        Conj/Hex       48%        N/A       4%          3
e - Jinxbite              Hex            86%        N/A       1%          2
f - Blink                 Tloc           40%        N/A       3%          2

Your spell library contained the following spells:

 Spells                   Type           Power      Damage    Failure   Level
 Lesser Beckoning         Tloc           40%        N/A       3%          2
 Momentum Strike          Conj/Tloc      26%        3d8       8%          2
 Static Discharge         Conj/Air       10%        2-3/arc   16%         2
 Sublimation of Blood     Necr           5%         N/A       16%         2
 Wereblood                Tmut           5%         N/A       16%         2
 Anguish                  Hex/Necr       12%        N/A       16%         4
 Airstrike                Air            2%         2d(1-17)  71%         4
 Summon Lightning Spire   Summ/Air       5%         N/A       71%         4
 Summon Hydra             Summ           2%         N/A       100%        7

Inventory:

Hand Weapons
 a - a +1 spectral dagger
 i - the +8 dagger "Giantslayer" (weapon) {freeze, rPois}
   (You found it on level 3 of the Dungeon)

   rPois:     It protects you from poison
 E - a +2 short sword of speed
   (You took it off a kobold brigand on level 8 of the Dungeon)
Missiles
 f - 110 stones (quivered)
 j - 28 poisoned darts
 p - 3 boomerangs
 D - 2 curare-tipped darts {=f}
Armour
 b - a +0 robe
 y - +0 steam dragon scales (worn)
   (You took it off Maggie on level 7 of the Dungeon)
Jewellery
 v - an amulet of magic regeneration (around neck)
   (You found it on level 5 of the Dungeon)
 P - a ring of poison resistance (right hand)
   (You found it on level 5 of the Dungeon)
 W - a ring of magical power (left hand)
   (You found it on level 4 of the Dungeon)
Wands
 o - a wand of roots (21)
   (You found it on level 4 of the Dungeon)
 s - a wand of polymorph (13)
   (You found it on level 5 of the Dungeon)
 z - a wand of flame (57)
   (You found it on level 6 of the Dungeon)
Scrolls
 g - 2 scrolls of teleportation {@r4}
 t - a scroll of blinking {!r}
 u - 3 scrolls of poison
 B - a scroll of immolation {!r!r}
Potions
 c - 2 potions of invisibility
 d - 2 potions of attraction {unknown}
 e - a potion of magic
 h - 2 potions of haste {@q3}
 k - 2 potions of ambrosia
 l - 4 potions of enlightenment
 m - 2 potions of lignification {!q}
 n - 4 potions of curing {@q1}
 q - a potion of degeneration {unknown}
 r - a potion of berserk rage {!q}
 w - a potion of mutation {!q}
 x - 2 potions of brilliance
 A - 2 potions of might

Dungeon Overview and Level Annotations

Branches:
Dungeon (9/15) Zot: 26817  Temple (1/1) D:7 Zot: 5985
   Lair: D:8-11         Orc: D:9-12

Altars:
Ashenzari
Cheibriados
Dithmenos
Fedhas
Gozag
Hepliaklqana
Kikubaaqudgha
Makhleb
Nemelex Xobeh
Okawaru
Qazlal
Ru
Sif Muna
Trog
Uskayaw
Vehumet
Wu Jian
Yredelemnul

Annotations:
D:8 exclusion: door

.....<#...#.....#...# .#
......# #.....#...# ..
......# #.....#...# ..
......# #.....#...#####.
#.....#####.....#.......#
#.........#.....#.......#
#.........#.....#(......#
#.........#.............#
###########....†@.......#
# #...SY#.......# #
....P.P..####...#
....P..Y.Y. ...#
......YPP...P .##
PP.......P.P..P.
P.P......PP....


.PP.PPP.PPPPPP. PP..PP...P..P.P You could see 3 yaks and a water moccasin.


Message History

The water moccasin is struck by your spines.
The water moccasin closely misses you. The yak is struck by your spines.
The yak barely misses you.
A yak comes into view.
Something gores the fungus!
The fungus begins to die.
You hear a shout! x3 😮 MP[-1]
You lost 1 mp, and now have 24/28 mp.
Casting: Ensorcelled Hibernation (safe; 1% risk of failure)
Confirm with . or Enter, or press ? or * to list all spells.
Aiming: Ensorcelled Hibernation (safe; 1% risk of failure)
Press: ? - help, Shift-Dir - straight line, f/p - water moccasin
Aim: a water moccasin (heavily wounded, umbra, chance to affect: 59%)
The water moccasin looks drowsy...
The water moccasin bites the fungus.
The yak gores you! The black bear bites you. The black bear claws you.
* * * LOW HITPOINT WARNING * * *
The black bear closely misses you.
The yak gores something!
The water moccasin bites something.
You hear a bellow! 😨 HP[-10] MP[-1]
You take 10 damage, and now have 40/81 hp.
You lost 1 mp, and now have 23/28 mp.
The helpless water moccasin fails to defend itself.
You spit the water moccasin like a pig!!!
You freeze the water moccasin.
You kill the water moccasin!
Dithmenos accepts your kill. 😨 HP[+1]
You now have 82 max hp (+1).
Casting: Ensorcelled Hibernation (safe; 1% risk of failure)
Confirm with . or Enter, or press ? or * to list all spells.
Aiming: Ensorcelled Hibernation (safe; 1% risk of failure)
Press: ? - help, Shift-Dir - straight line, f - black bear
Aim: a black bear (umbra, chance to affect: 59%)
The black bear resists with significant effort.
The black bear is struck by your spines.
The black bear bites you.
* * * LOW HITPOINT WARNING * * *
The black bear claws you.
* * * LOW HITPOINT WARNING * * *
The black bear claws you.
* * * LOW HITPOINT WARNING * * *
The yak barely misses you.
The yak gores something! 😨 HP[-6] MP[-1]
You take 6 damage, and now have 35/82 hp.
You lost 1 mp, and now have 22/28 mp.
Casting: Ensorcelled Hibernation (safe; 1% risk of failure)
Confirm with . or Enter, or press ? or * to list all spells.
Aiming: Ensorcelled Hibernation (safe; 1% risk of failure)
Press: ? - help, Shift-Dir - straight line, f/p - black bear
Aim: a black bear (lightly wounded, umbra, chance to affect: 59%)
The black bear resists with significant effort.
The yak gores you.
* * * LOW HITPOINT WARNING * * *
The black bear is struck by your spines.
The black bear bites you.
* * * LOW HITPOINT WARNING * * *
The black bear claws you but does no damage.
The black bear closely misses you.
A yak comes into view. 😨 HP[-6] MP[-1]
You take 6 damage, and now have 29/82 hp.
You lost 1 mp, and now have 21/28 mp.
Casting: Ensorcelled Hibernation (safe; 1% risk of failure)
Confirm with . or Enter, or press ? or * to list all spells.
Aiming: Ensorcelled Hibernation (safe; 1% risk of failure)
Press: ? - help, Shift-Dir - straight line, f/p - black bear
Aim: a black bear (moderately wounded, umbra, chance to affect: 59%)
The black bear looks drowsy...
A nearby fungus withers and dies.
The yak is struck by your spines. The yak misses you. The yak gores you!
* * * LOW HITPOINT WARNING * * *
A bullfrog comes into view. 😱 HP[-14] MP[-1]
You take 14 damage, and now have 15/82 hp.
You lost 1 mp, and now have 20/28 mp.
The helpless black bear fails to defend itself.
You stick the black bear like a pincushion!!!!
You freeze the black bear.
You kill the black bear!
Dithmenos accepts your kill. The yak is struck by your spines.
The yak barely misses you. The yak is struck by your spines.
The yak barely misses you.
Your Stealth skill increases to level 7!
Casting: Ensorcelled Hibernation (safe; 1% risk of failure)
Confirm with . or Enter, or press ? or * to list all spells.
Aiming: Ensorcelled Hibernation (safe; 1% risk of failure)
Press: ? - help, Shift-Dir - straight line, f - yak
Aim: a yak (moderately wounded, umbra, chance to affect: 59%)
The yak looks drowsy...
The yak gores you!
* * * LOW HITPOINT WARNING * * *
The yak gores the plant!
The plant begins to die. 😱 HP[-13] MP[-1]
You take 13 damage, and now have 2/82 hp.
You lost 1 mp, and now have 19/28 mp.
The helpless yak fails to defend itself.
You perforate the yak like a sieve!!! You freeze the yak.
You kill the yak!
Dithmenos accepts your kill. The yak gores you.
You die...

Skill      XL: |  1  2  3  4  5  6  7  8  9 10 11 |
---------------+----------------------------------+-----
Short Blades   | 1 2 3 4 5 6 7 8 |  8.1
Dodging        | 2 |  2.1
Fighting       | 1 2 3 4 5 6 |  6.3
Stealth        | 3 4 5 6 7 |  7.0
Ice Magic      | 1 2 |  2.0
Hexes          | 4 5 6 8 9 |  9.4
Spellcasting   | 3 4 5 |  5.9
Translocations | 2 3 |  3.7

Action                     |  1- 3 |  4- 6 |  7- 9 | 10-12 || total
---------------------------+-------+-------+-------+-------++-------
  Melee: Dagger            |   218 |    73 |   170 |   117 ||   578
         Kick              |    26 |    19 |    43 |    37 ||   125
         Punch             |     2 |       |     2 |     2 ||     6
   Cast: Ensorcelled Hiber |     8 |    13 |    30 |    25 ||    76
         Confusing Touch   |       |     3 |     5 |     4 ||    12
         Tukima's Dance    |       |       |       |     7 ||     7
         Jinxbite          |       |       |       |     3 ||     3
    Use: Potion            |     1 |       |       |       ||     1
         Scroll            |       |     8 |     8 |     3 ||    19
   Stab: Sleeping          |    11 |    10 |    18 |    16 ||    55
         Confused          |       |     2 |     3 |     2 ||     7
 Armour: Robe              |   107 |    26 |   100 |       ||   233
         Steam dragon scal |       |       |     8 |    70 ||    78
  Dodge: Dodged            |   143 |    34 |   100 |    57 ||   334

Levels and vault maps discovered:
D:1:      lightli_iron_boxes, layout_basic
D:2:      layout_basic, minmay_lizard_pond
D:3:      layout_rooms, mainiacjoe_overflow_boulevard,
          kennysheep_generic_room_16
D:4:      layout_rooms, jmf_multi_god_temple2, nrook_mini_backslash,
          kennysheep_small_square
D:5:      layout_cave_pools, old_standard_altar, hellmonk_ghost_happy_afterlife,
          uniq_edmund
D:6:      kennysheep_housing_project, layout_rooms, dancing_weapons_uskayaw
D:7:      layout_cave_pools, minmay_temple_entry_glassed_door,
          ebering_ghost_disaster_area, eino_small_chamber_without_monster,
          uniq_maggie
D:8:      wad_arrow_thing, layout_rooms, kennysheep_little_box, special_room
          [special_room_kobold], minmay_misc_feat_ornament
D:9:      minmay_the_grid_triangle_9x9_recursive_2_mashed
          [minmay_the_grid_triangle_9x9_prize_top_heavy,
          minmay_the_grid_triangle_9x9_impossible_snake,
          minmay_the_grid_triangle_9x9_sprig,
          minmay_the_grid_triangle_9x9_odd_lines], layout_grid_maze,
          yredelemnul_altar_generic, due_lair_maze_entry_diamond,
          kennysheep_island_fort
Temple:   nicolae_temple_ecumenical_triangle

Notes
Turn   | Place    | Note
-------+----------+-------------------------------------------
     0 | D:1      | kae the Demonspawn Enchanter began the quest for the Orb.
     0 | D:1      | Reached XP level 1. HP: 13/13 MP: 3/3
     0 | D:1      | magus.rc [v1.11.3]
   103 | D:1      | Reached skill level 1 in Short Blades
   165 | D:1      | HP: 2/13 [jackal (3)]
   254 | D:1      | Gained mutation: You have large cloven feet. [demonic
                  | ancestry]
   254 | D:1      | Reached XP level 2. HP: 9/19 MP: 5/5
   291 | D:1      | Learned a level 2 spell: Ensorcelled Hibernation
   408 | D:1      | Reached skill level 2 in Dodging
   441 | D:1      | HP: 5/20 [frozen (5)]
   443 | D:1      | Reached XP level 3. HP: 7/25 MP: 6/6
   518 | D:1      | You pick up a book of Storms and begin reading...
   518 | D:1      | You add the spells Static Discharge, Airstrike and Summon
                  | Lightning Spire to your library.
   772 | D:2      | Reached skill level 1 in Fighting
  1160 | D:2      | Reached skill level 3 in Stealth
  1218 | D:2      | You pick up a book of Dreams and begin reading...
  1218 | D:2      | You add the spells Jinxbite and Anguish to your library.
  1575 | D:2      | Gained mutation: You are partially covered in sharp spines.
                  | [demonic ancestry]
  1575 | D:2      | Reached XP level 4. HP: 13/32 MP: 2/7
  1978 | D:3      | Reached skill level 2 in Short Blades
  2168 | D:3      | Identified the +8 dagger "Giantslayer" {freeze, rPois}
  2519 | D:3      | Learned a level 3 spell: Confusing Touch
  2772 | D:4      | Noticed an ogre
  2913 | D:4      | Found a large runed translucent door.
  2914 | D:4      | Found a large runed translucent door.
  3006 | D:4      | You pick up a book of Spatial Translocations and begin
                  | reading...
  3006 | D:4      | You add the spells Blink, Momentum Strike and Lesser
                  | Beckoning to your library.
  3014 | D:4      | Reached skill level 1 in Ice Magic
  3016 | D:4      | Gained mutation: You are partially covered in slimy green
                  | scales. (AC +2) [demonic ancestry]
  3016 | D:4      | Reached XP level 5. HP: 37/37 MP: 8/8
  3207 | D:4      | Found a radiant altar of Vehumet.
  3215 | D:4      | Found a stormy altar of Qazlal.
  3226 | D:4      | Found a radiant altar of Vehumet.
  3259 | D:4      | Killed an ogre
  3260 | D:4      | Reached skill level 4 in Hexes
  3738 | D:5      | Entered Level 5 of the Dungeon
  3738 | D:5      | Noticed a phantom
  3749 | D:5      | Killed a phantom
  3750 | D:5      | Reached skill level 2 in Fighting
  3750 | D:5      | Gained mutation: You have hoof-like feet. [demonic
                  | ancestry]
  3750 | D:5      | Reached XP level 6. HP: 37/44 MP: 6/9
  3878 | D:5      | Reached skill level 3 in Short Blades
  3911 | D:5      | Gained mutation: You are mostly covered in sharp spines.
                  | [demonic ancestry]
  3911 | D:5      | Reached XP level 7. HP: 51/51 MP: 3/11
  3995 | D:5      | Noticed Edmund
  4011 | D:5      | HP: 5/51 [Edmund/+2 flail of protection (10)]
  4202 | D:5      | Killed Edmund
  4203 | D:5      | Reached skill level 3 in Spellcasting
  4203 | D:5      | Reached skill level 2 in Ice Magic
  4367 | D:5      | Found a runed translucent door.
  4388 | D:5      | Reached skill level 4 in Stealth
  4388 | D:5      | Reached skill level 5 in Hexes
  4391 | D:5      | Reached skill level 3 in Fighting
  4405 | D:5      | Noticed noobster's ghost (weakling HOFi)
  4426 | D:5      | Found an opulent altar of Gozag.
  4463 | D:5      | Reached skill level 4 in Short Blades
  4624 | D:5      | Learned a level 3 spell: Tukima's Dance
  4628 | D:5      | Learned a level 3 spell: Dazzling Flash
  4643 | D:5      | Killed noobster's ghost
  4714 | D:6      | Found a hide-covered altar of Uskayaw.
  4778 | D:5      | Gained mutation: You regenerate magic rapidly. [demonic
                  | ancestry]
  4778 | D:5      | Reached XP level 8. HP: 50/58 MP: 13/13
  4875 | D:6      | Noticed a +0 hand axe
  4875 | D:6      | Noticed a +0 dagger
  4904 | D:6      | You pick up a book of Blood and begin reading...
  4904 | D:6      | You add the spells Sublimation of Blood, Wereblood and
                  | Summon Hydra to your library.
  4953 | D:6      | Reached skill level 6 in Hexes
  5110 | D:6      | HP: 11/60 [yak (8)]
  5275 | D:6      | Reached skill level 4 in Fighting
  5275 | D:6      | Reached skill level 5 in Short Blades
  5275 | D:6      | Reached skill level 4 in Spellcasting
  5391 | D:6      | Reached skill level 5 in Stealth
  5400 | D:6      | Reached XP level 9. HP: 51/66 MP: 13/15
  5481 | D:6      | Learned a level 2 spell: Jinxbite
  5484 | D:6      | Learned a level 2 spell: Blink
  5512 | D:6      | Reached skill level 7 in Hexes
  5565 | D:6      | HP: 13/66 [gnoll/+0 halberd (12)]
  5767 | D:6      | Reached skill level 6 in Short Blades
  5837 | D:6      | Reached skill level 1 in Translocations
  6094 | D:6      | Reached skill level 5 in Fighting
  6543 | D:7      | Noticed Maggie
  6550 | D:7      | Killed Maggie
  6561 | D:6      | Reached skill level 2 in Translocations
  6768 | D:7      | Reached skill level 5 in Spellcasting
  6822 | D:7      | Reached skill level 8 in Hexes
  6824 | D:7      | Reached skill level 6 in Stealth
  6826 | D:7      | Reached XP level 10. HP: 39/74 MP: 17/17
  7022 | D:7      | Found a large runed translucent door.
  7022 | D:7      | Found a large runed translucent door.
  7023 | D:7      | Noticed AceOff's ghost (novice FoFi)
  7289 | D:7      | Found a staircase to the Ecumenical Temple.
  7297 | Temple   | Entered the Ecumenical Temple
  7304 | Temple   | Became a worshipper of Dithmenos the Shadowed
  7397 | D:7      | Killed AceOff's ghost
  7398 | D:7      | Reached skill level 7 in Short Blades
  7530 | D:8      | Found an iron altar of Okawaru.
  7687 | D:8      | Noticed a centaur warrior
  7932 | D:8      | Killed a centaur warrior
  7933 | D:8      | Reached skill level 3 in Translocations
  8105 | D:8      | Noticed a manticore
  8109 | D:8      | Killed a manticore
  8115 | D:8      | Reached skill level 6 in Fighting
  8317 | D:8      | Reached skill level 9 in Hexes
  8348 | D:8      | Reached * piety under Dithmenos
  8633 | D:9      | Noticed a two-headed ogre
  8639 | D:9      | Killed a two-headed ogre
  8640 | D:9      | Reached XP level 11. HP: 81/81 MP: 19/19
  8649 | D:9      | Found a basalt altar of Yredelemnul.
  8745 | D:9      | Reached skill level 8 in Short Blades
  8755 | D:9      | HP: 15/82 [yak (14)]
  8757 | D:9      | Reached skill level 7 in Stealth
  8757 | D:9      | HP: 2/82 [yak (14)]
  8758 | D:9      | Slain by a yak

Vanquished Creatures
  A centaur warrior (D:8)
  A two-headed ogre (D:9)
  The ghost of AceOff the Slasher, a novice FoFi of Okawaru (D:7)
  A manticore (D:8)
  Maggie (D:7)
  A kobold demonologist (D:8)
  A komodo dragon (D:8)
  A hornet (D:9)
  9 yaks
  A basilisk (D:8)
  2 steam dragons (D:8)
  Edmund (D:5)
  2 water moccasins
  5 ice beasts
  3 black bears
  A phantom (D:5)
  4 centaurs (D:6)
  7 ogres
  6 kobold brigands
  3 bullfrogs
  3 scorpions (D:5)
  A wight (D:8)
  5 killer bees
  2 howler monkeys
  3 gnoll boudas
  2 orc priests (D:6)
  A sleepcap (D:7)
  7 hounds
  3 iguanas (D:5)
  4 orc wizards
  The ghost of noobster the Trooper, a weakling HOFi (D:5)
  16 gnolls
  4 adders
  A shadow imp (D:7)
  A white imp (D:8)
  An ufetubus (D:4)
  2 dart slugs (D:3)
  9 orcs
  4 ball pythons
  7 bats
  8 endoplasms
  5 giant cockroaches
  3 goblins
  15 hobgoblins
  8 jackals
  5 quokkas
  15 frilled lizards
  21 kobolds
  9 rats
218 creatures vanquished.

Table legend:
 A = Non-vault XP
 B = Vault XP
 C = Vault XP percentage of total XP
 D = Non-vault monster count
 E = Vault monster count
 F = Vault count percentage of total count
                 A         B        C        D         E       F
            +---------+---------+-------+---------+---------+-------
      Total |    6165 |    6254 |  50.4 |     143 |      75 |  34.4
            +---------+---------+-------+---------+---------+-------
        D:1 |      49 |       0 |   0.0 |      30 |       0 |   0.0
        D:2 |      48 |       9 |  15.8 |      23 |       9 |  28.1
        D:3 |      75 |       3 |   3.8 |      20 |       2 |   9.1
        D:4 |     118 |      14 |  10.6 |       4 |       4 |  50.0
        D:5 |    1001 |     189 |  15.9 |      14 |       2 |  12.5
        D:6 |    2016 |    1268 |  38.6 |      20 |      30 |  60.0
        D:7 |     707 |    1151 |  61.9 |      18 |       2 |  10.0
        D:8 |     920 |    2775 |  75.1 |      11 |      21 |  65.6
        D:9 |    1231 |     845 |  40.7 |       3 |       5 |  62.5
            +---------+---------+-------+---------+---------+-------

Skill      XL: |  1  2  3  4  5  6  7  8  9 10 11 |
---------------+----------------------------------+-----
Short Blades   | 1 2 3 4 5 6 7 8 |  8.1
Dodging        | 2 |  2.1
Fighting       | 1 2 3 4 5 6 |  6.3
Stealth        | 3 4 5 6 7 |  7.0
Ice Magic      | 1 2 |  2.0
Hexes          | 4 5 6 8 9 |  9.4
Spellcasting   | 3 4 5 |  5.9
Translocations | 2 3 |  3.7

Action                     |  1- 3 |  4- 6 |  7- 9 | 10-12 || total
---------------------------+-------+-------+-------+-------++-------
  Melee: Dagger            |   218 |    73 |   170 |   117 ||   578
         Kick              |    26 |    19 |    43 |    37 ||   125
         Punch             |     2 |       |     2 |     2 ||     6
   Cast: Ensorcelled Hiber |     8 |    13 |    30 |    25 ||    76
         Confusing Touch   |       |     3 |     5 |     4 ||    12
         Tukima's Dance    |       |       |       |     7 ||     7
         Jinxbite          |       |       |       |     3 ||     3
    Use: Potion            |     1 |       |       |       ||     1
         Scroll            |       |     8 |     8 |     3 ||    19
   Stab: Sleeping          |    11 |    10 |    18 |    16 ||    55
         Confused          |       |     2 |     3 |     2 ||     7
 Armour: Robe              |   107 |    26 |   100 |       ||   233
         Steam dragon scal |       |       |     8 |    70 ||    78
  Dodge: Dodged            |   143 |    34 |   100 |    57 ||   334

Illustrated notes

Table legend:
 A = Kills in this place as a percentage of kills in the entire game.
 B = Kills by you in this place as a percentage of kills by you in the entire game.
 C = Kills by friends in this place as a percentage of kills by friends in the entire game.
 D = Other kills in this place as a percentage of other kills in the entire game.
 E = Experience gained in this place as a percentage of experience gained in the entire game.
 F = Experience gained in this place divided by the number of levels of this place that you have seen.
                   A       B       C       D       E      F
               +-------+-------+-------+-------+-------+----------------------
         Total | 100.0 | 100.0 |   N/A |   N/A | 100.0 | 1241.9
       Dungeon | 100.0 | 100.0 |   N/A |   N/A | 100.0 | 1379.9
               +-------+-------+-------+-------+-------+----------------------

Table legend: (Time is in decaauts)
 A = Elapsed time spent in this place.
 B = Non-inter-level travel time spent in this place.
 C = Inter-level travel time spent in this place.
 D = Time resting spent in this place.
 E = Time spent auto-exploring this place.
 F = Levels seen in this place.
 G = Mean time per level.
                   A        B        C        D        E       F      G
               +--------+--------+--------+--------+--------+-----+--------+
         Total |   8654 |   8413 |    241 |   1325 |   5636 |  10 |  865.4 |
       Dungeon |   8640 |   8413 |    227 |   1325 |   5636 |   9 |  960.0 |
        Temple |     14 |      1 |     13 |      0 |      0 |   1 |   14.0 |
               +--------+--------+--------+--------+--------+-----+--------+

Top non-repeatable levels by time:
     D:6: 1853 daAuts
     D:4: 1269 daAuts
     D:2: 1137 daAuts
     D:8: 1056 daAuts
     D:5: 902 daAuts
     D:7: 777 daAuts
     D:1: 737 daAuts
     D:3: 723 daAuts
     D:9: 182 daAuts
  Temple: 14 daAuts
